 Dungeon Crawl Stone Soup version 0.28-a0-1080-g05a166d0ed (webtiles) character file.

Game seed: 3368049270315754700

0 Redcow54321 the Ducker (level 1, 0/10 HPs)
             Began as a Felid Berserker on Dec 9, 2021.
             Was a Follower of Trog.
             Slain by a gnoll (2 damage)
             ... on level 1 of the Dungeon.
             The game lasted 00:00:13 (18 turns).

Redcow54321 the Ducker (Felid Berserker)              Turns: 18, Time: 00:00:13

Health: 0/10       AC:  1    Str: 13    XL:     1   Next: 8%
Magic:  2/2        EV: 18    Int:  8    God:    Trog [*.....]
Gold:   14         SH:  0    Dex: 15    Spells: 0/0 levels left
                                        Lives:  0   Deaths: 0

rFire   . . .      SeeInvis +     - Unarmed
rCold   . . .      Faith    .   (shield unavailable)
rNeg    . . .      Spirit   .   (armour unavailable)
rPois   .          Reflect  .   (helmet unavailable)
rElec   .          Harm     .   (cloak unavailable)
rCorr   .          Rampage  .   (gloves unavailable)
Will    .....                   (boots unavailable)
Stlth   +.........              (no amulet)
HPRegen 0.03/turn               (no ring)
MPRegen 0.08/turn               (no ring)

@: quick
A: very small, claws 1, fangs 3, see invisible, speed 1, shaggy fur 1, stealthy
paws, no weapons or thrown items, no armour, multi-lived
a: Renounce Religion, Berserk


You were on level 1 of the Dungeon.
You worshipped Trog.
Trog was aware of your devotion.
You visited 1 branch of the dungeon, and saw 1 of its levels.

You collected 14 gold pieces.

You aren't carrying anything.


   Skills:
 - Level 3.0 Fighting
 - Level 4.0 Dodging
 * Level 3.0 Unarmed Combat


You couldn't memorise any spells.
You didn't know any spells.
Your spell library was empty.

Dungeon Overview and Level Annotations

Branches:
Dungeon (1/15)

Altars:


Innate Abilities, Weirdness & Mutations

You have sharp claws.
You have razor-sharp teeth.
You have supernaturally acute eyesight. (SInv)
You cover ground quickly. (Speed+)
You are covered in fur. (AC +1)
Your paws help you pounce on unaware monsters.
You are incapable of wielding weapons or throwing items.
You cannot wear armour.
You gain extra lives every three experience levels.


Message History

Trog says: Kill them all!
Press ? for a list of commands and other information.
Found an escape hatch in the floor.
Found a staircase leading out of the dungeon.
You open the door.
A bat comes into view.
Found 18 gold pieces.
Found 14 gold pieces and a scroll labelled IGENWI PIAMISS.
There is an open door here.
You barely miss the bat. You bite the bat.
You kill the bat!
Trog accepts your kill.
No target in view!
You now have 14 gold pieces.
A gnoll comes into view. It is wielding a +0 club.
The gnoll shouts!
A gnoll is nearby!
A frilled lizard comes into view.
You barely miss the gnoll.
A rat comes into view.
The gnoll splashes around in the water.
You barely miss the gnoll.
The gnoll splashes around in the water.
You scratch the gnoll.
The gnoll is heavily wounded.
The frilled lizard completely misses you.
The gnoll barely misses you.
You barely miss the gnoll.
The gnoll is heavily wounded.
The frilled lizard bites you. The gnoll completely misses you.
You barely miss the gnoll.
The gnoll is heavily wounded.
The frilled lizard completely misses you.
The gnoll hits you with a +0 club.
Ouch! That really hurt!
You scratch the gnoll but do no damage. Your bite misses the gnoll.
The gnoll is heavily wounded.
The frilled lizard bites you.
* * * LOW HITPOINT WARNING * * *
The gnoll hits you with a +0 club.
You die...

≈≈##+##≈≈≈≈≈≈≈≈
≈≈≈...≈≈≈≈≈≈≈r≈
≈≈≈≈..≈≈≈≈≈≈≈≈≈≈
≈≈≈≈..≈≈≈≈≈≈≈≈≈≈.
≈≈≈≈...≈≈≈≈≈≈≈≈≈.#
≈≈≈....≈≈≈≈≈≈≈≈≈.#
≈.....lg≈≈≈≈≈≈≈≈.#
.......@≈≈≈≈≈≈≈..#
.........≈≈≈≈≈≈..#
..≈≈≈....$..≈≈...##
≈≈≈≈≈≈.............
≈≈≈≈≈≈.........?..#
≈≈≈≈≈≈≈..†.......#
≈≈≈≈≈≈≈##'##.....#
≈≈≈≈≈≈##...##≈≈..#
≈≈≈≈≈≈#.....#≈≈≈.#


You could see a gnoll, a frilled lizard and a rat.

Vanquished Creatures
  A bat (D:1)
1 creature vanquished.

Notes
Turn   | Place    | Note
-------+----------+-------------------------------------------
     0 | D:1      | Redcow54321 the Felid Berserker began the quest for the
                  | Orb.
     0 | D:1      | Reached XP level 1. HP: 10/10 MP: 2/2
    18 | D:1      | Slain by a gnoll

Illustrated notes

Levels and vault maps discovered:
D:1:      minmay_arrival_shoal_huts, layout_loops_ring,
          ebering_ecumenical_altar_rust

Action                   || total
-------------------------++-------
Melee: Unarmed           ||     7
       Bite              ||     1
Dodge: Dodged            ||     4

Table legend: (Time is in decaauts)
 A = Elapsed time spent in this place.
 B = Non-inter-level travel time spent in this place.
 C = Inter-level travel time spent in this place.
 D = Time resting spent in this place.
 E = Time spent auto-exploring this place.
 F = Levels seen in this place.
 G = Mean time per level.
                   A        B        C        D        E       F      G
               +--------+--------+--------+--------+--------+-----+--------+
         Total |     15 |     15 |      0 |      0 |      5 |   1 |   15.0 |
       Dungeon |     15 |     15 |      0 |      0 |      5 |   1 |   15.0 |
               +--------+--------+--------+--------+--------+-----+--------+

Top non-repeatable levels by time:
     D:1: 15 daAuts
